 Dungeon Crawl Stone Soup version 0.31-a0-557-g6e16503903 (webtiles) character file.

Game seed: 3311948828311883748

81 dialectric the Ruffian (level 4, 0/28 HPs)
             Began as an Octopode Shapeshifter on Aug 16, 2023.
             Was an Initiate of Nemelex Xobeh.
             Slain by Jessica
             ... wielding a +0 dagger
              (8 damage)
             ... on level 2 of the Dungeon.
             The game lasted 00:01:49 (1133 turns).

dialectric the Ruffian (Octopode Shapeshifter)      Turns: 1133, Time: 00:01:49

Health: 0/28       AC:  0    Str: 16    XL:     4   Next: 42%
Magic:  4/4        EV: 14    Int: 10    God:    Nemelex Xobeh [......]
Gold:   92         SH:  0    Dex: 12    Spells: 3/3 levels left

rFire   . .          .
                       - Unarmed
rCold   . . .        (shield currently unavailable)
rNeg    . . .        (helmet currently unavailable)
rPois   .            (no amulet)
rElec   .            (ring currently unavailable)
rCorr   .            (ring currently unavailable)
SInv    .            (ring currently unavailable)
Will    .....        (ring currently unavailable)
Stlth   +            (ring currently unavailable)
HPRegen 0.24/turn    (ring currently unavailable)
MPRegen 0.09/turn    (ring currently unavailable)
                     (ring currently unavailable)

%: no passive effects
@: pig-form, very quick
A: fast, no casting, almost no armour, (amphibious), (8 rings), small,
(camouflage 1), (gelatinous body 1), (nimble swimmer 1), (tentacles)
a: Renounce Religion, Draw Escape, Draw Destruction, Draw Summoning


You were on level 2 of the Dungeon.
You worshipped Nemelex Xobeh.
Nemelex Xobeh was noncommittal.
You were a filthy swine.
You visited 1 branch of the dungeon, and saw 2 of its levels.

You collected 92 gold pieces.

Inventory:

Missiles
 e - 4 poisoned darts
Talismans
 b - a beast talisman
 c - a flux talisman
 g - a serpent talisman
Scrolls
 d - 3 scrolls of fog {unknown}
 f - 2 scrolls of identify {unknown}
 j - a scroll of blinking {unknown}
 l - a scroll of fear {unknown}
Potions
 a - a potion of lignification
 h - 2 potions of curing {unknown}
 i - a potion of berserk rage {unknown}
 k - a potion of resistance {unknown}


   Skills:
 + Level 1.1 Fighting
 + Level 2.1 Dodging
 + Level 4.2 Unarmed Combat
 + Level 3.7 Shapeshifting


You had 3 spell levels left.
You didn't know any spells.
Your spell library was empty.

Dungeon Overview and Level Annotations

Branches:
Dungeon (2/15)

Altars:
Nemelex Xobeh

Annotations:
D:2 Jessica


Innate Abilities, Weirdness & Mutations

You are a filthy swine.
You move quickly.
Your equipment is almost entirely melded.
You are incapable of wielding weapons or throwing items.
You cannot cast spells.
You cannot wear most types of armour.
((You are amphibious.))
((You can wear up to eight rings at the same time.))
((Your skin changes colour to match your surroundings (Stealth+).))
((Your rubbery body absorbs attacks. (AC +1, EV +1)))
((You are camouflaged when in or above water. (Stealth+)))
((You have tentacles for arms and can constrict up to eight enemies at once.))


Message History

There is an open door here.
d - 3 scrolls labelled HEMOAJ WION (gained 1)
A kobold comes into view. It is wielding a +0 short sword.
A kobold is nearby!
A kobold is nearby!
A kobold is nearby!
Jessica the Apprentice Sorceress comes into view.
She is wielding a +0 dagger and carrying a wand of polymorph.
The kobold shouts!
Jessica shouts!
The kobold barely misses you.
Jessica mumbles some strange words.
Jessica seems to speed up.
You bludgeon the kobold!
You kill the kobold!
Jessica zaps a wand.
Your transformation has ended.
You turn into a filthy swine.
Jessica casts a spell at you. Pain shoots through your body!
Jessica hits you with a +0 dagger.
You hit Jessica but do no damage. Jessica misses you.
Jessica barely misses you.
You barely miss Jessica. Jessica hits you with a +0 dagger.
You hit Jessica.
Jessica is heavily wounded.
Jessica misses you.
You closely miss Jessica.
Jessica is heavily wounded.
Jessica hits you with a +0 dagger! Jessica hits you with a +0 dagger.
* * * LOW HITPOINT WARNING * * *
You are too injured to fight recklessly!
You are too injured to fight recklessly!
You are too injured to fight recklessly!
You are too injured to fight recklessly!
You are too injured to fight recklessly!
You are too injured to fight recklessly!
You are too injured to fight recklessly!
Unknown command.
Jessica hits you with a +0 dagger!
You die...
Your body disappears without a glow.

#.# #.#......+..#.#. #.#
#.###....##.#.#. #.#.#
#.# #.......#†#.
#.#.###.# #....#..#.#.
###.#..... #....##..<..
#...#..######....####.#.
#...#.......+.........#.
#.....@######....#######
#.#.#..h................
#....).#######........##
#.#.#........'........+.
#.)...#.######........##
###.....# #..........
####### #..........
#.......... #..........
#........##


You could see Jessica (fast).

Vanquished Creatures
  4 gnolls (D:2)
  An adder (D:2)
  2 ball pythons (D:2)
  2 bats
  2 giant cockroaches (D:1)
  3 goblins
  3 hobgoblins
  2 jackals (D:2)
  5 kobolds
  3 quokkas
  3 frilled lizards
  4 rats
34 creatures vanquished.

Notes
Turn   | Place    | Note
-------+----------+-------------------------------------------
     0 | D:1      | dialectric the Octopode Shapeshifter began the quest for
                  | the Orb.
     0 | D:1      | Reached XP level 1. HP: 13/13 MP: 1/1
   127 | D:1      | Reached XP level 2. HP: 18/18 MP: 2/2
   764 | D:2      | Found a sparkling altar of Nemelex Xobeh.
   811 | D:2      | Became a worshipper of Nemelex Xobeh the Trickster
   882 | D:2      | Reached XP level 3. HP: 23/23 MP: 3/3
   894 | D:2      | Identified the +0 scale mail "Usiyrch" {rElec rC+ Will+}
   925 | D:2      | Reached XP level 4. HP: 17/28 MP: 4/4
   928 | D:2      | Reached skill level 4 in Unarmed Combat
  1119 | D:2      | Noticed Jessica
  1133 | D:2      | Slain by Jessica

Illustrated notes

Levels and vault maps discovered:
D:1:      lightli_arrival_statue_moat, layout_basic
D:2:      layout_basic, chequers_ecumenical_altar_grove, basic_altar,
          glass_columns_a, uniq_jessica

Skill      XL: |  1  2  3  4 |
---------------+-------------+-----
Unarmed Combat | 4 |  4.2
Fighting       | |  1.1
Dodging        | |  2.1
Shapeshifting  | |  3.7

Action                     |  1- 3 |  4- 6 || total
---------------------------+-------+-------++-------
  Melee: Unarmed           |    45 |    16 ||    61
         Constrict         |    12 |     3 ||    15
         Tentacles         |     7 |     2 ||     9
         Punch             |     1 |       ||     1
   Stab: Sleeping          |     4 |       ||     4
 Armour: Skin              |     3 |       ||     3
  Dodge: Dodged            |    32 |     9 ||    41

Table legend: (Time is in decaauts)
 A = Elapsed time spent in this place.
 B = Non-inter-level travel time spent in this place.
 C = Inter-level travel time spent in this place.
 D = Time resting spent in this place.
 E = Time spent auto-exploring this place.
 F = Levels seen in this place.
 G = Mean time per level.
                   A        B        C        D        E       F      G
               +--------+--------+--------+--------+--------+-----+--------+
         Total |   1128 |   1085 |     43 |      0 |    844 |   2 |  564.0 |
       Dungeon |   1128 |   1085 |     43 |      0 |    844 |   2 |  564.0 |
               +--------+--------+--------+--------+--------+-----+--------+

Top non-repeatable levels by time:
     D:1: 651 daAuts
     D:2: 477 daAuts
